 Dungeon Crawl Stone Soup version 0.26-a0-737-g4e9f4955e2 (webtiles) character file.

Game seed: 11348557078440215975

1519 Gargoyl the Skirmisher (level 8, -2/67 HPs)
             Began as a Gnoll Abyssal Knight on Nov 4, 2020.
             Was a Believer of Lugonu.
             Succumbed to an orc wizard's poison
             ... on level 6 of the Dungeon.
             The game lasted 00:06:52 (5954 turns).

Gargoyl the Skirmisher (Gnoll Abyssal Knight)       Turns: 5954, Time: 00:06:52

Health: -2/67      AC: 18    Str: 16    XL:     8   Next: 84%
Magic:  5/13       EV:  6    Int: 15    God:    Lugonu [**....]
Gold:   302        SH:  0    Dex: 13    Spells: 14/14 levels left

rFire    . . .     SeeInvis .   a - +3 hand axe
rCold    . . .     Faith    .   (no shield)
rNeg     . . .     Spirit   +   h - +0 plate armour
rPois    .         Reflect  .   k - +0 helmet
rElec    .         Harm     .   (no cloak)
rCorr    .         Rampage  .   (no gloves)
MR       .....                  d - +1 pair of boots
Stlth    ..........             m - amulet of guardian spirit
HPRegen  0.21/turn              (no ring)
MPRegen  0.13/turn              (no ring)

@: lethally poisoned (-2 -> -55)
A: distributed training, fangs 1, yellow scales 1, clumsy 1, strong nose
a: Depart the Abyss, Bend Space, Renounce Religion


You were on level 6 of the Dungeon.
You worshipped Lugonu.
Lugonu was pleased with you.
You visited 1 branch of the dungeon, and saw 6 of its levels.
You visited the Abyss 1 time.
You also visited: Sewer.

You collected 302 gold pieces.

Inventory:

Hand Weapons
 a - a +3 hand axe (weapon)
Missiles
 j - a curare-tipped dart (quivered)
Armour
 d - a +1 pair of boots (worn)
 h - a +0 plate armour (worn)
 k - a +0 helmet (worn)
Jewellery
 m - an amulet of guardian spirit (around neck)
Scrolls
 c - a scroll of fear
 e - a scroll of identify
 f - a scroll of remove curse
 l - 3 scrolls of teleportation
 n - a scroll of enchant armour
Potions
 b - a potion of magic
 i - a potion of stabbing


   Skills:
 + Level 7.5 Fighting
 + Level 3.6 Short Blades
 + Level 3.6 Long Blades
 + Level 5.9 Axes
 + Level 3.6 Maces & Flails
 + Level 3.6 Polearms
 + Level 3.6 Staves
 + Level 3.6 Slings
 + Level 3.6 Bows
 + Level 3.6 Crossbows
 + Level 3.6 Throwing
 + Level 5.9 Armour
 + Level 4.5 Dodging
 + Level 3.6 Stealth
 + Level 3.6 Shields
 + Level 3.6 Unarmed Combat
 + Level 3.6 Spellcasting
 + Level 3.0 Conjurations
 + Level 3.0 Hexes
 + Level 3.0 Summonings
 + Level 3.0 Necromancy
 + Level 3.0 Translocations
 + Level 3.0 Transmutations
 + Level 3.0 Fire Magic
 + Level 3.0 Ice Magic
 + Level 3.0 Air Magic
 + Level 3.0 Earth Magic
 + Level 3.0 Poison Magic
 + Level 6.1 Invocations
 + Level 3.6 Evocations


You had 14 spell levels left.
You didn't know any spells.
Your spell library contained the following spells:

 Spells                   Type           Power        Failure   Level
 Beastly Appendage        Tmut           ##....       95%         1
 Wereblood                Tmut           ##......     98%         2
 Spider Form              Tmut/Pois      ##........   100%        3
 Ice Form                 Ice/Tmut       ##......     100%        4
 Blade Hands              Tmut           ##........   100%        5


Dungeon Overview and Level Annotations

Branches:
Dungeon (6/15)             Temple (0/1) D:4           Sewer (visited)

Altars:


Innate Abilities, Weirdness & Mutations

Your experience applies equally to all skills.
You have very sharp teeth.
Your uncanny sense of smell can sniff out nearby items.
You are partially covered in yellow scales. (AC +2)
You are clumsy. (Dex -2)


Message History

Your Air Magic skill increases to level 3!
Your Earth Magic skill increases to level 3!
Your Poison Magic skill increases to level 3!
You hit something.
* * * LOW HITPOINT WARNING * * *
You feel very sick. The orc closely misses you.
Something hits you but does no damage.
You are more poisoned.
* * * LOW HITPOINT WARNING * * *
You feel very sick. The orc hits you with a +0 trident.
* * * LOW HITPOINT WARNING * * *
You hear some strange, mumbled words.
A magic dart appears from out of thin air!
The magic dart hits you but does no damage.
You hit the orc.
You kill the orc!
Lugonu accepts your kill.
You hit something.
You die...

..# # ..#.# #
#.#. #∆ #. ...
.#.. ...
###.##....#
#...##<#....B..#
#....÷.)# .#.
#.#..){)###.....
+..)@.'...[...
#....<###.....
#.....+ .#.
#.....# #.....#
##+####


There were no monsters in sight!

Vanquished Creatures
  Grinder (D:4)
  Duvessa (D:5)
  Purgy (Sewer)
  An orc warrior (D:5)
  A centaur (D:5)
  An ogre (D:4)
  Blork the orc (D:4)
  A scorpion (D:4)
  Dowan (D:5)
  A hound (D:5)
  An orc priest (D:5)
  5 orc wizards
  Natasha (thrice) (D:4)
  Terence (D:2)
  4 worker ants
  Robin (D:4)
  A howler monkey zombie (D:5)
  11 adders
  4 worms
  A dart slug (D:2)
  A leopard gecko (D:2)
  15 orcs
  3 giant cockroaches
  16 goblins
  5 hobgoblins
  2 jackals (D:5)
  A quokka (D:6)
  8 bats
  5 frilled lizards
  14 kobolds
  A rat (D:2)
113 creatures vanquished.

Vanquished Creatures (others)
  11 plants (D:2)
11 creatures vanquished.

Grand Total: 124 creatures vanquished

Notes
Turn   | Place    | Note
-------+----------+-------------------------------------------
     0 | Abyss:1  | Gargoyl the Gnoll Abyssal Knight began the quest for the
                  | Orb.
     0 | Abyss:1  | Reached XP level 1. HP: 23/23 MP: 3/3
   100 | Abyss:1  | Noticed a small abomination
   106 | Abyss:1  | Noticed a tentacled starspawn
   110 | Abyss:1  | Noticed a cacodemon
   111 | Abyss:1  | Noticed an ancient zyme
   112 | D:1      | Escaped the Abyss
   511 | D:1      | Reached XP level 2. HP: 29/29 MP: 5/5
   718 | D:1      | You fall into a shaft and drop 1 floor!
   863 | D:2      | Noticed Terence
   883 | D:2      | Killed Terence
   883 | D:2      | Reached XP level 3. HP: 26/35 MP: 6/6
   987 | D:2      | Reached * piety under Lugonu
  1173 | D:2      | Reached skill level 1 in Short Blades
  1173 | D:2      | Reached skill level 1 in Long Blades
  1173 | D:2      | Reached skill level 1 in Maces & Flails
  1173 | D:2      | Reached skill level 1 in Polearms
  1173 | D:2      | Reached skill level 1 in Staves
  1173 | D:2      | Reached skill level 1 in Slings
  1173 | D:2      | Reached skill level 1 in Bows
  1173 | D:2      | Reached skill level 1 in Crossbows
  1173 | D:2      | Reached skill level 1 in Throwing
  1173 | D:2      | Reached skill level 1 in Stealth
  1173 | D:2      | Reached skill level 1 in Shields
  1173 | D:2      | Reached skill level 1 in Unarmed Combat
  1173 | D:2      | Reached skill level 1 in Spellcasting
  1173 | D:2      | Reached skill level 1 in Evocations
  1345 | D:2      | Reached XP level 4. HP: 40/41 MP: 7/7
  1909 | D:3      | Found a glowing drain.
  1927 | D:3      | Reached skill level 1 in Conjurations
  1927 | D:3      | Reached skill level 1 in Hexes
  1927 | D:3      | Reached skill level 1 in Summonings
  1927 | D:3      | Reached skill level 1 in Necromancy
  1927 | D:3      | Reached skill level 1 in Translocations
  1927 | D:3      | Reached skill level 1 in Transmutations
  1927 | D:3      | Reached skill level 1 in Fire Magic
  1927 | D:3      | Reached skill level 1 in Ice Magic
  1927 | D:3      | Reached skill level 1 in Air Magic
  1927 | D:3      | Reached skill level 1 in Earth Magic
  1927 | D:3      | Reached skill level 1 in Poison Magic
  1936 | D:3      | Reached XP level 5. HP: 38/47 MP: 8/8
  1942 | Sewer    | Entered a sewer
  2089 | Sewer    | Reached ** piety under Lugonu
  2123 | Sewer    | Noticed Purgy
  2131 | Sewer    | Gained mutation: You are clumsy. (Dex -2) [potion of
                  | mutation]
  2131 | Sewer    | Gained mutation: You are partially covered in yellow
                  | scales. (AC +2) [potion of mutation]
  2141 | Sewer    | Killed Purgy
  2249 | D:3      | Reached skill level 5 in Invocations
  2263 | D:3      | Reached XP level 6. HP: 47/53 MP: 9/9
  2888 | D:4      | Noticed Robin
  2893 | D:4      | Reached skill level 5 in Axes
  2893 | D:4      | Reached skill level 5 in Armour
  2902 | D:4      | Killed Robin
  3041 | D:4      | Reached XP level 7. HP: 42/59 MP: 10/10
  3162 | D:4      | Reached skill level 7 in Fighting
  3232 | D:4      | Noticed Grinder
  3264 | D:4      | Killed Grinder
  3553 | D:4      | Noticed Natasha
  3554 | D:4      | Noticed Blork the orc
  3571 | D:4      | Killed Natasha
  3588 | D:4      | Killed Blork the orc
  3642 | D:4      | Noticed Natasha
  3647 | D:4      | Killed Natasha
  3647 | D:4      | Reached XP level 8. HP: 34/67 MP: 12/12
  4071 | D:4      | Found a staircase to the Ecumenical Temple.
  4071 | D:4      | Noticed Natasha
  4080 | D:4      | Killed Natasha
  4318 | D:5      | Entered Level 5 of the Dungeon
  4363 | D:5      | Reached *** piety under Lugonu
  4933 | D:5      | Noticed Duvessa
  4934 | D:5      | Noticed Dowan
  4947 | D:5      | Killed Dowan
  4980 | D:5      | Killed Duvessa
  5953 | D:6      | HP: 3/67 [orc/+0 trident (2)]
  5954 | D:6      | Succumbed to an orc wizard's poison

Illustrated notes

Levels and vault maps discovered:
D:1:      tarquinn_simple_flora_water_e, layout_rooms
D:2:      layout_loops_cross, serial_forest, infiniplex_forest_straight_2,
          infiniplex_forest_clump_curved, infiniplex_forest_straight_2,
          infiniplex_forest_end_1, infiniplex_forest_lined_room_2,
          infiniplex_forest_clump_C, infiniplex_forest_clump_double,
          uniq_terence
D:3:      layout_basic, gup_sewer_entry_glass, minmay_misc_feat_tiny,
          chequers_serial_rivers_micro_b
D:4:      layout_basic, minmay_temple_entry_crystal_x, uniq_natasha, uniq_robin,
          uniq_blork_the_orc, uniq_grinder
D:5:      layout_loops_ring, uniq_duvessa
D:6:      cheibrodos_steamvent, layout_basic, roderic_malta_cross

Skill      XL: |  1  2  3  4  5  6  7  8 |
---------------+-------------------------+-----
Short Blades   | 1 2 3 |  3.6
Long Blades    | 1 2 3 |  3.6
Maces & Flails | 1 2 3 |  3.6
Polearms       | 1 2 3 |  3.6
Staves         | 1 2 3 |  3.6
Slings         | 1 2 3 |  3.6
Bows           | 1 2 3 |  3.6
Crossbows      | 1 2 3 |  3.6
Throwing       | 1 2 3 |  3.6
Stealth        | 1 2 3 |  3.6
Shields        | 1 2 3 |  3.6
Unarmed Combat | 1 2 3 |  3.6
Spellcasting   | 1 2 3 |  3.6
Evocations     | 1 2 3 |  3.6
Conjurations   | 1 2 3 |  3.0
Hexes          | 1 2 3 |  3.0
Summonings     | 1 2 3 |  3.0
Necromancy     | 1 2 3 |  3.0
Translocations | 1 2 3 |  3.0
Transmutations | 1 2 3 |  3.0
Fire Magic     | 1 2 3 |  3.0
Ice Magic      | 1 2 3 |  3.0
Air Magic      | 1 2 3 |  3.0
Earth Magic    | 1 2 3 |  3.0
Poison Magic   | 1 2 3 |  3.0
Dodging        | 3 4 |  4.5
Invocations    | 5 6 |  6.1
Axes           | 5 |  5.9
Armour         | 5 |  5.9
Fighting       | 7 |  7.5

Action                   |  1- 3 |  4- 6 |  7- 9 || total
-------------------------+-------+-------+-------++-------
Melee: Hand axe          |    66 |   153 |   234 ||   453
       Bite              |     6 |    20 |    25 ||    51
       Punch             |       |     1 |     2 ||     3
Throw: Dart              |       |     4 |     7 ||    11
Invok: Depart the Abyss  |     1 |       |       ||     1
       Banish            |       |       |     3 ||     3
  Use: Scroll            |     1 |     7 |     4 ||    12
       Potion            |       |     3 |     2 ||     5
Armor: Scale mail        |    16 |    96 |    74 ||   186
       Chain mail        |    17 |    36 |    52 ||   105
       Plate armour      |       |       |    26 ||    26
Dodge: Dodged            |    21 |   100 |   121 ||   242

Table legend: (Time is in decaauts)
 A = Elapsed time spent in this place.
 B = Non-inter-level travel time spent in this place.
 C = Inter-level travel time spent in this place.
 D = Time resting spent in this place.
 E = Time spent auto-exploring this place.
 F = Levels seen in this place.
 G = Mean time per level.
                   A        B        C        D        E       F      G
               +--------+--------+--------+--------+--------+-----+--------+
         Total |   5970 |   5800 |    170 |    579 |   4071 |   8 |  746.2 |
       Dungeon |   5603 |   5433 |    170 |    500 |   3875 |   6 |  933.8 |
         Abyss |    112 |    112 |      0 |      0 |     80 |   1 |  112.0 |
         Sewer |    254 |    254 |      0 |     79 |    115 |   1 |  254.0 |
               +--------+--------+--------+--------+--------+-----+--------+

Top non-repeatable levels by time:
     D:5: 1596 daAuts
     D:4: 1434 daAuts
     D:2: 1116 daAuts
     D:3: 796 daAuts
     D:1: 615 daAuts
   Sewer: 254 daAuts
 Abyss:1: 112 daAuts
     D:6: 43 daAuts
